[Event "FRA-ch Youth U14 2018"]
[Site "Agen"]
[Date "2018.04.19"]
[Round "6"]
[White "Randrianarimanana, Alicia"]
[Black "Sumarriva Paulin, Laura"]
[Result "1-0"]
[ECO "D27"]
[WhiteElo "1872"]
[BlackElo "1665"]
[Annotator "NA"]
[PlyCount "119"]
[EventDate "2018.??.??"]
[EventType "swiss"]
[EventCountry "FRA"]
[SourceTitle "playchess.com"]
[Source "ChessBase"]
[SourceQuality "1"]
[TimeControl "5400+30"]

1. d4 d5 2. c4 dxc4 3. Nf3 Nf6 4. e3 e6 5. Bxc4 c5 6. O-O a6 7. dxc5 Bxc5 8. Qxd8+ Kxd8 9. Ne5 Ke7 10. Be2 Nbd7 11. Nc4 Nb6 12. Nbd2 Nbd5 13. Nb3 Bd6 14. Nxd6 Kxd6 15. Rd1 Ke7 16. Bf3 Bd7 17. Bd2 Rhc8 18. Rac1 Rxc1 19. Rxc1 Rc8 20. Nc5 Bc6 21. Be2 Nd7 22. Nd3 Kd8 23. b3 b6 24. e4 N5f6 25. f3 a5 26. Nb2 Bb7 27. Nc4 Ba6 28. Kf2 Bxc4 29. Bxc4 Ne5 30. Bb5 Rxc1 31. Bxc1 Ned7 32. Ke3 Kc7 33. Ba3 e5 34. Bc4 Kc6 35. Bxf7 b5 36. Be6 Nc5 37. Bh3 b4 38. Bb2 Kd6 39. g3 a4 40. bxa4 Nxa4 41. Ba1 Nc5 42. Bf1 Nfd7 43. Bc4 Nb6 44. Bg8 h6 45. f4 exf4+ 46. gxf4 g5 47. e5+ Ke7 48. f5 Kf8 49. Bb3 Nxb3 50. axb3 h5 51. Ke4 Ke7 52. Bd4 Nd7 53. h3 g4 54. hxg4 hxg4 55. Kf4 g3 56. Kxg3 Ke8 57. e6 Nb8 58. f6 Na6 59. f7+ Kf8 60. Be5 1-0

[Event "FRA-ch Youth U14 2018"]
[Site "Agen"]
[Date "2018.04.19"]
[Round "6"]
[White "Ginovart, Camille"]
[Black "Chemla, Anouk"]
[Result "0-1"]
[ECO "B40"]
[WhiteElo "1628"]
[BlackElo "1705"]
[Annotator "NA"]
[PlyCount "62"]
[EventDate "2018.??.??"]
[EventType "swiss"]
[EventCountry "FRA"]
[SourceTitle "playchess.com"]
[Source "ChessBase"]
[SourceQuality "1"]
[TimeControl "5400+30"]

1. e4 c5 2. Nf3 e6 3. c3 Nf6 4. e5 Nd5 5. d4 cxd4 6. cxd4 d6 7. Bc4 Nc6 8. O-O Be7 9. Qe2 O-O 10. Qe4 dxe5 11. dxe5 Na5 12. Bd3 g6 13. Bh6 Re8 14. h4 Qb6 15. Qe2 Bd7 16. Ng5 Nc6 17. h5 Nd4 18. Qe4 Nf5 19. Nxf7 Kxf7 20. hxg6+ hxg6 21. g4 Rg8 22. Qf3 Qd4 23. Re1 Bc5 24. Re2 Ke8 25. gxf5 gxf5+ 26. Kf1 Qh4 27. Rc2 Qxh6 28. Rxc5 Bc6 29. Bb5 Bxb5+ 30. Rxb5 Qc1+ 31. Ke2 Nf4+ 0-1

[Event "FRA-ch Youth U14 2018"]
[Site "Agen"]
[Date "2018.04.19"]
[Round "6"]
[White "Courjal, Pauline"]
[Black "Nguyen, Thao Nhi"]
[Result "0-1"]
[ECO "A52"]
[WhiteElo "1509"]
[BlackElo "1861"]
[Annotator "NA"]
[PlyCount "82"]
[EventDate "2018.??.??"]
[EventType "swiss"]
[EventCountry "FRA"]
[SourceTitle "playchess.com"]
[Source "ChessBase"]
[SourceQuality "1"]
[TimeControl "5400+30"]

1. d4 Nf6 2. c4 e5 3. dxe5 Ng4 4. e4 Nxe5 5. f4 Nec6 6. Nf3 Bc5 7. Nc3 O-O 8. a3 a5 9. Bd3 d6 10. Bd2 f5 11. exf5 Re8+ 12. Ne2 Nd4 13. Nfxd4 Bxd4 14. Qc2 Qf6 15. O-O-O Be3 16. Bxe3 Rxe3 17. Be4 Nc6 18. Nc3 Nd4 19. Qf2 Ne2+ 20. Kc2 Rxc3+ 21. Kb1 Bxf5 22. Qxe2 Bxe4+ 23. Qxe4 Rb3 24. Qc2 Rb6 25. g3 Re8 26. Rhe1 Re6 27. Rxe6 Qxe6 28. c5 Rc6 29. cxd6 cxd6 30. Qa4 Qe2 31. h4 b5 32. Qb3+ Kf8 33. Qd5 Qc2+ 34. Ka1 b4 35. Qd3 b3 36. Qf1 d5 37. f5 d4 38. f6 gxf6 39. g4 d3 40. Qxd3 Qxd3 41. Rxd3 Rc1# 0-1

[Event "FRA-ch Youth U14 2018"]
[Site "Agen"]
[Date "2018.04.20"]
[Round "7"]
[White "Bacrot, Alexandre"]
[Black "Papadiamandis, Elliot"]
[Result "0-1"]
[ECO "A48"]
[WhiteElo "2180"]
[BlackElo "2016"]
[Annotator "NA"]
[PlyCount "204"]
[EventDate "2018.??.??"]
[EventType "swiss"]
[EventCountry "FRA"]
[SourceTitle "playchess.com"]
[Source "ChessBase"]
[SourceQuality "1"]
[TimeControl "5400+30"]

1. d4 Nf6 2. Nf3 g6 3. Nbd2 d5 4. b4 {[%emt 0:00:00] D02: 1 d4 d5 2 Nf3 sidelines, including 2...Nf6 3 g3 and 2...Nf6 3 Bf4} (4. e3 Nc6 5. b3 Bg7 6. Bb2 O-O 7. Be2 a5 8. a3 b6 9. O-O e6 10. c4 Ne7 11. cxd5 exd5 {½-½ (38) So,W (2792)-Svidler,P (2768) Wijk aan Zee 2018}) 4... Bg7 5. Bb2 Nbd7 6. e3 c6 7. Be2 $146 ({Predecessor:} 7. c4 a5 8. b5 O-O 9. cxd5 cxd5 10. Rc1 e5 11. Nxe5 Nxe5 12. dxe5 Ng4 13. Nf3 Qe7 14. Be2 Nxe5 15. Nxe5 Bxe5 16. Bxe5 Qxe5 {½-½ (16) Ferrufino,B (2199)-Trois,F (2352) Santa Cruz 2008}) 7... Nb6 8. c4 dxc4 9. Nxc4 Be6 10. Na5 Qc7 11. O-O O-O 12. a3 Rad8 13. Rc1 Qb8 14. Ne5 Nbd7 15. Nexc6 bxc6 16. Nxc6 Qd6 17. Nxd8 Rxd8 18. Qa4 Qb8 19. Qa5 Nb6 20. b5 Ne4 21. a4 Nd6 22. Qb4 Nd5 23. Qa3 Nb6 24. Rfd1 Ndc4 25. Qb4 Nxb2 26. Qxb2 Nxa4 27. Qb4 Nb6 28. Qxe7 Bf8 29. Qc7 Bb3 30. Rf1 Nd5 31. Qxb8 Rxb8 32. g3 Ba4 33. e4 Nb4 34. Ra1 Bxb5 35. Bxb5 Rxb5 36. Rxa7 Nc6 37. Rd7 Rb4 38. Rd1 h5 39. Kg2 Rb2 40. Rc7 Nb4 41. d5 Bd6 42. Rc8+ Kg7 43. Kf1 g5 44. h3 Kf6 45. Rc3 g4 46. hxg4 hxg4 47. f4 gxf3 48. Rxf3+ Ke5 49. Re1 Nc2 50. Rxf7 Nxe1 51. Kxe1 Kxe4 52. g4 Kxd5 53. g5 Rg2 54. Rf5+ Ke4 55. Kf1 Rb2 ({Much weaker is} 55... Kxf5 $6 56. Kxg2 Kxg5 $11) 56. Rf6 Be5 57. Rf7 Rb6 58. Ra7 Rg6 59. Ra5 Rxg5 60. Ra3 Bd4 61. Rh3 Rg1+ 62. Ke2 Rg2+ 63. Ke1 Be3 64. Kf1 Ra2 65. Rg3 Bf4 66. Rh3 Bh2 67. Rb3 Be5 68. Rh3 Kf4 69. Ke1 Rb2 70. Kd1 Ke4 71. Kc1 Rg2 72. Rb3 Bd4 73. Kb1 Kd5 74. Kc1 Be5 75. Kd1 Kc4 76. Rf3 Kd4 77. Ke1 Ke4 78. Rh3 Bg3+ 79. Kd1 Kd3 80. Kc1 Kc3 81. Kb1 Kb3 82. Kc1 Kc4 83. Rh8 Bf4+ 84. Kd1 Be3 85. Rd8 Bd4 86. Kc1 Kc3 87. Kb1 Rb2+ 88. Kc1 Rd2 89. Rc8+ Kd3 90. Kb1 Rb2+ 91. Kc1 Ra2 92. Rb8 Ra1+ 93. Rb1 Be3+ (93... Ra5 94. Rb3+ Bc3 95. Rb8 Rh5 96. Rd8+ Bd4 97. Kb1 Ra5 98. Rxd4+ Kxd4 99. Kc2 Kc4 100. Kd2 Re5 101. Kc2 Re2+ 102. Kd1 Kd3 103. Kc1 Kc3 104. Kb1 Re1+ 105. Ka2 Rh1 106. Ka3 Ra1#) 94. Kb2 Ra8 $11 95. Kb3 Bd2 96. Rh1 Rb8+ 97. Ka4 Bc3 98. Rh4 Bd4 99. Ka5 Kc4 100. Ka6 Rb6+ 101. Ka5 Re6 102. Rh5 Bc3+ 0-1

[Event "FRA-ch Youth U14 2018"]
[Site "Agen"]
[Date "2018.04.20"]
[Round "7"]
[White "Popov, Konstantin"]
[Black "Girel, Joseph"]
[Result "1/2-1/2"]
[ECO "C06"]
[WhiteElo "2150"]
[BlackElo "1969"]
[Annotator "NA"]
[PlyCount "132"]
[EventDate "2018.??.??"]
[EventType "swiss"]
[EventCountry "FRA"]
[SourceTitle "playchess.com"]
[Source "ChessBase"]
[SourceQuality "1"]
[TimeControl "5400+30"]

1. e4 e6 2. d4 d5 3. Nd2 Nf6 4. e5 Nfd7 5. Bd3 c5 6. c3 Nc6 7. Ne2 cxd4 8. cxd4 f6 9. exf6 Nxf6 10. Nf3 Bd6 11. Bf4 O-O 12. O-O {[%emt 0:01:46] LiveBook: 924 Games} Ng4 {[%emt 0:02:35] C06: French Tarrasch: 3...Nf6 4 e5 Nfd7 5 Bd3 main lines} (12... Bxf4 13. Nxf4 Ne4 14. Qc1 Ng5 15. Nxg5 Qxg5 16. Ne2 Qf6 17. Qc5 Bd7 18. Rad1 Rac8 19. Qd6 Be8 20. Rd2 Bh5 21. Ng3 Bg6 22. Bxg6 hxg6 23. Ne2 g5 24. h3 Rf7 {1-0 (68) Pridorozhni,A (2570)-Volkov,S (2612) Serpukhov 2018}) 13. Bxd6 Qxd6 14. Ng3 e5 15. dxe5 Ngxe5 16. Nxe5 Nxe5 17. Qc2 Nxd3 18. Qxd3 b6 $146 ({Find the theoretical novelty and annotate with similar games:} 18... Be6 19. Rad1 Kh8 20. Ne2 Bf7 {1-0 (50) Varacalli,F (2303)-Ilampoornan,R (1860) Ahmedabad 2017}) 19. Rac1 Bb7 20. Nf5 Qe5 21. Nd4 Ba6 22. Qxa6 Qxd4 23. Qa3 Rae8 24. Rcd1 Qf6 25. Rd2 Qf4 $11 26. Qd3 Re5 27. b3 Rd8 28. g3 Qf6 29. Rfd1 Qe6 30. Qc3 Re1+ 31. Rxe1 Qxe1+ 32. Kg2 Qe4+ 33. f3 Qe1 34. Qd3 Qe6 35. Qd4 h6 36. a4 Kh8 37. g4 Qe1 38. Qf2 Qb1 39. Qe3 Qc1 40. g5 Rd6 41. h4 Re6 42. Qd4 Qe1 43. Rc2 Re2+ 44. Rxe2 Qxe2+ 45. Kg3 Qe1+ 46. Kg4 Qe6+ 47. Kf4 Qf7+ 48. Ke3 hxg5 49. hxg5 Qe7+ 50. Kf4 Qf7+ 51. Kg3 Qe6 52. f4 Qf5 53. Qe3 Kh7 54. b4 Qb1 55. Qd4 Qe1+ 56. Kg4 Qe6+ 57. f5 Qe2+ 58. Kf4 Qh2+ 59. Kg4 Qg2+ 60. Kh4 Qh2+ 61. Kg4 Qg2+ 62. Kf4 Qh2+ 63. Kf3 Qh3+ 64. Kf4 Qh4+ 65. Ke5 Qxg5 66. Qxd5 Qe7+ {Qd4 Qg5} 1/2-1/2

[Event "FRA-ch Youth U14 2018"]
[Site "Agen"]
[Date "2018.04.20"]
[Round "7"]
[White "Bassini, Emile"]
[Black "Harutyunyan, Safar"]
[Result "1-0"]
[ECO "B99"]
[WhiteElo "2021"]
[BlackElo "2163"]
[Annotator "NA"]
[PlyCount "75"]
[EventDate "2018.??.??"]
[EventType "swiss"]
[EventCountry "FRA"]
[SourceTitle "playchess.com"]
[Source "ChessBase"]
[SourceQuality "1"]
[TimeControl "5400+30"]

1. e4 c5 2. Nf3 d6 3. d4 cxd4 4. Nxd4 Nf6 {[%emt 0:00:09] LiveBook: 94261 Games} 5. Nc3 a6 6. Bg5 e6 7. f4 Be7 8. Qf3 Nbd7 9. O-O-O Qc7 10. Bd3 b5 11. a3 Bb7 12. Rhe1 O-O 13. Qh3 Nc5 14. e5 Nxd3+ 15. Rxd3 dxe5 16. fxe5 Nd5 17. Nxe6 $2 (17. Ne4 $11) 17... fxe6 18. Qxe6+ {[%emt 0:00:11] [#]} Rf7 $1 19. Bxe7 Nxe7 $4 (19... Nf4 $19 {avoids the disaster.} 20. Bd6 Nxe6 21. Bxc7 Rxc7) 20. Rd7 Qc6 21. Rxe7 Qxe6 22. Rxe6 Bxg2 23. Rd6 Kf8 $18 24. Ne2 Rf2 25. Nd4 Ke7 26. h4 g6 27. h5 gxh5 28. Rh6 Rh8 29. Rxa6 Bh3 30. Ra7+ Kf8 31. e6 Bg2 32. e7+ Ke8 33. Nxb5 Rf6 34. Nc7+ Kd7 35. Nd5+ Kd6 36. Nxf6 Bc6 37. e8=Q Bxe8 38. Rxe8 {[%emt 0:00:13] Kd5} 1-0

[Event "FRA-ch Youth U14 2018"]
[Site "Agen"]
[Date "2018.04.20"]
[Round "7"]
[White "Mas, Victor"]
[Black "Lary, Damien"]
[Result "0-1"]
[ECO "E10"]
[WhiteElo "1939"]
[BlackElo "2072"]
[Annotator "NA"]
[PlyCount "70"]
[EventDate "2018.??.??"]
[EventType "swiss"]
[EventCountry "FRA"]
[SourceTitle "playchess.com"]
[Source "ChessBase"]
[SourceQuality "1"]
[TimeControl "5400+30"]

1. d4 Nf6 2. Nf3 c5 3. d5 e6 4. c4 b5 5. dxe6 fxe6 6. cxb5 d5 7. Bg5 Be7 8. e3 {[%emt 0:02:42] E10: Blumenfeld Gambit} Nbd7 9. Nc3 O-O 10. Be2 (10. Bd3 Bb7 11. O-O Qe8 12. Qe2 Bd6 13. Bh4 Qh5 14. Bg3 Bxg3 15. fxg3 e5 {1-0 (55) Kortschnoj,V (2557)-Venkatesh,M (2455) San Sebastian 2011}) 10... Bb7 11. O-O {[%emt 0:02:43] LiveBook: 8 Games} Qc7 12. a4 Rad8 13. a5 e5 $146 ({Predecessor:} 13... Rfe8 14. Qc2 Nf8 15. Rfd1 d4 {0-1 (43) Mizsei,J (2056)-Bodrogi,L (2108) Budapest 2008}) 14. Bxf6 Nxf6 15. b6 axb6 16. Nb5 Qd7 17. Nxe5 Qe6 18. Nf3 $11 bxa5 19. Rxa5 Qb6 20. Ra1 Bc6 21. Na7 Be8 22. Qd2 Ra8 23. Ra6 Qb7 24. Rfa1 Ne4 25. Qd1 c4 26. R6a5 Bc5 27. Nb5 Rxa5 28. Rxa5 Bb6 29. Nd6 Nxd6 30. Rxd5 Nf7 31. Bxc4 Bc6 32. Rf5 Bxf3 33. gxf3 Qe7 34. Qb3 Bc7 35. Qb7 Bxh2+ {[%emt 0:00:06] Qb3 Bc7} 0-1

[Event "FRA-ch Youth U14 2018"]
[Site "Agen"]
[Date "2018.04.20"]
[Round "7"]
[White "Moracchini, Margaux"]
[Black "Courjal, Pauline"]
[Result "1-0"]
[ECO "C10"]
[WhiteElo "1939"]
[BlackElo "1509"]
[Annotator "NA"]
[PlyCount "75"]
[EventDate "2018.??.??"]
[EventType "swiss"]
[EventCountry "FRA"]
[SourceTitle "playchess.com"]
[Source "ChessBase"]
[SourceQuality "1"]
[TimeControl "5400+30"]

1. e4 e6 2. d4 d5 3. Nd2 dxe4 4. Nxe4 Nd7 5. Bd3 Ngf6 {[%emt 0:00:09] LiveBook: 378 Games} 6. Qe2 Nxe4 7. Bxe4 Nf6 8. Bxb7 {[%emt 0:00:10] C10: French with 3 Nc3: Unusual Black 3rd moves and 3...dxe4} Rb8 (8... Bxb7 9. Qb5+ Nd7 10. Qxb7 Bd6 11. Nf3 O-O 12. O-O a5 13. a4 Rb8 14. Qa6 Ra8 15. Qe2 c5 16. dxc5 Nxc5 {½-½ (93) Belyakov,B (2486)-Timofeev,A (2549) Sochi 2017}) 9. Bxc8 Qxc8 10. Nf3 Be7 11. O-O O-O 12. Ne5 c5 13. dxc5 Bxc5 $146 ({Predecessor:} 13... Qxc5 14. Nd3 Qf5 15. Bf4 Rbc8 {½-½ (51) Kochukova,A (1866)-Lenshin,S (1872) Borisoglebsk 2014}) 14. Nd3 Bd6 15. b3 Qc7 16. h3 Rfc8 17. c4 a5 18. Bb2 a4 19. Bxf6 gxf6 20. Rab1 axb3 21. axb3 Kh8 22. Rfc1 $18 Rg8 23. Qf3 Rg6 24. c5 Be7 25. b4 Rb5 26. Ra1 e5 27. Ra8+ Rb8 28. Rxb8+ Qxb8 29. Ra1 Rg8 30. Ra6 Qc8 31. Ra7 Re8 32. Rxe7 Rxe7 33. Qxf6+ Kg8 34. Qxe7 Qa6 35. Nxe5 Qa1+ 36. Kh2 h5 37. Qxf7+ Kh8 38. Ng6# 1-0

[Event "FRA-ch Youth U14 2018"]
[Site "Agen"]
[Date "2018.04.20"]
[Round "7"]
[White "Nguyen, Thao Nhi"]
[Black "Randrianarimanana, Alicia"]
[Result "1-0"]
[ECO "B50"]
[WhiteElo "1861"]
[BlackElo "1872"]
[Annotator "NA"]
[PlyCount "77"]
[EventDate "2018.??.??"]
[EventType "swiss"]
[EventCountry "FRA"]
[SourceTitle "playchess.com"]
[Source "ChessBase"]
[SourceQuality "1"]
[TimeControl "5400+30"]

1. e4 c5 2. Nf3 d6 3. Nc3 g6 4. d4 cxd4 5. Qxd4 {[%emt 0:00:09] LiveBook: 9 Games} Nf6 6. e5 Nc6 7. Bb5 Nh5 {[%emt 0:04:15] B50: Sicilian: 2...d6, Miscellaneous} (7... dxe5 8. Bxc6+ bxc6 9. Qxd8+ Kxd8 10. Nxe5 Ke8 11. f3 Bb7 12. Bd2 Bg7 13. O-O-O Nd5 14. Rhe1 Rd8 15. Na4 {1-0 (34) Akbaev,K (2470)-Chashchev,S (2376) Cherkessk 2014}) 8. exd6 Bg7 9. Qc5 Qxd6 10. Qxd6 exd6 11. Be3 $146 ({Predecessor:} 11. Nd5 O-O 12. Bxc6 bxc6 13. Ne7+ Kh8 14. Nxc6 Re8+ 15. Kd1 {1-0 (61) Bulmaga,I (2028)-Kurzhanskaya,V Heraklio 2004}) 11... O-O 12. O-O-O Rd8 13. Ng5 h6 14. Nge4 Bf8 15. Be2 Kg7 16. Nd5 f5 17. Nec3 Bd7 $18 (17... Nf6 $16 {keeps fighting.} 18. Nxf6 Kxf6 19. Nd5+ Kg7) 18. Nb5 a6 19. Nxd6 b5 20. Nb7 Rdb8 21. Nc7 Nf6 22. Nxa8 Rxa8 23. Nc5 Bc8 24. Bf3 Bxc5 25. Bxc5 Ne4 26. Be3 Ne5 27. Bd4 Kf6 28. Bxe4 fxe4 29. f4 exf3 30. Rhe1 fxg2 31. Rxe5 Kf7 32. Bc5 Kf6 33. Re7 Bg4 34. Rde1 Rc8 35. Bd4+ Kg5 36. R7e3 Rf8 37. Rg3 Rf1 38. Kd2 Rf3 39. Rxg2 1-0

[Event "FRA-ch Youth U14 2018"]
[Site "Agen"]
[Date "2018.04.20"]
[Round "7"]
[White "Chemla, Anouk"]
[Black "Bellahcene, Sofia"]
[Result "1/2-1/2"]
[ECO "A06"]
[WhiteElo "1705"]
[BlackElo "1701"]
[Annotator "NA"]
[PlyCount "70"]
[EventDate "2018.??.??"]
[EventType "swiss"]
[EventCountry "FRA"]
[SourceTitle "playchess.com"]
[Source "ChessBase"]
[SourceQuality "1"]
[TimeControl "5400+30"]

1. Nf3 d5 2. g3 Nc6 3. d4 Bg4 4. Bg2 Qd7 5. c4 dxc4 6. d5 Bxf3 7. Bxf3 Ne5 8. Bg2 e6 9. Qd4 Nc6 10. Qxc4 exd5 11. Qxd5 Bb4+ 12. Bd2 Bxd2+ 13. Nxd2 Qxd5 14. Bxd5 Nge7 15. Bg2 O-O-O 16. Nb3 Nd4 17. Nxd4 Rxd4 18. e3 Rd6 19. Ke2 Rhd8 20. Rhd1 c5 21. Rxd6 Rxd6 22. Rc1 b6 23. b4 Rh6 24. bxc5 b5 25. h4 Ra6 26. Rc2 Kc7 27. Kd3 Ra4 28. Rb2 a6 29. Bf3 Ng6 30. Bd5 Ne5+ 31. Kc3 f6 32. Rc2 a5 33. Bb3 Rg4 34. Kd2 Kc6 35. Be6 Ra4 1/2-1/2

[Event "FRA-ch Youth U14 2018"]
[Site "Agen"]
[Date "2018.04.20"]
[Round "7"]
[White "Sumarriva Paulin, Laura"]
[Black "Yuan, Beline"]
[Result "1-0"]
[ECO "E61"]
[WhiteElo "1665"]
[BlackElo "2035"]
[Annotator "NA"]
[PlyCount "73"]
[EventDate "2018.??.??"]
[EventType "swiss"]
[EventCountry "FRA"]
[SourceTitle "playchess.com"]
[Source "ChessBase"]
[SourceQuality "1"]
[TimeControl "5400+30"]

1. d4 Nf6 2. c4 g6 3. Nc3 Bg7 4. Bg5 d6 5. h3 O-O 6. Nf3 Nbd7 7. e3 e5 8. Be2 h6 9. Bh4 Re8 10. O-O g5 11. Bg3 e4 12. Nd2 Nb6 13. Qc2 Bf5 14. a4 Nc8 15. b4 Ne7 16. Qb3 Qd7 17. c5 h5 (17... Be6 $14 18. Qb2 dxc5) 18. cxd6 $18 Nc6 19. dxc7 h4 20. Bh2 g4 21. hxg4 Bxg4 22. Bc4 Bh5 23. Nd5 Ng4 24. Bf4 Nf6 25. Nxf6+ Bxf6 26. Bd5 Qf5 27. Bxc6 bxc6 28. Qc4 Rac8 29. Qxc6 Bxd4 30. Rac1 Bf6 31. Qb7 Be5 32. Rc5 f6 33. Bxe5 fxe5 34. Nxe4 Qg6 35. Rxe5 Rxe5 36. Qxc8+ Re8 37. Qxe8+ 1-0

[Event "FRA-ch Youth U14 2018"]
[Site "Agen"]
[Date "2018.04.21"]
[Round "8"]
[White "Boyer, Mahel"]
[Black "Ciccoli, Theo"]
[Result "1-0"]
[ECO "A57"]
[WhiteElo "2208"]
[BlackElo "2126"]
[Annotator "NA"]
[PlyCount "135"]
[EventDate "2018.??.??"]
[EventType "swiss"]
[EventCountry "FRA"]
[SourceTitle "playchess.com"]
[Source "ChessBase"]
[SourceQuality "1"]
[TimeControl "5400+30"]

1. d4 Nf6 2. c4 c5 3. d5 b5 4. cxb5 a6 5. f3 e6 6. e4 exd5 7. e5 Qe7 8. Qe2 Ng8 9. Nc3 Bb7 10. Nh3 c4 {[%emt 0:00:49] A57: Benko/Volga Gambit} 11. Nf4 Qc5 12. Nfxd5 Bxd5 13. Be3 Qb4 14. a3 $1 Qa5 15. Bd2 $1 {[%emt 0:00:08] LiveBook: 6 Games} Be6 16. Nd5 Qd8 17. Qxc4 Ra7 18. Rc1 {[%emt 0:30:09] [#]} Be7 $2 $146 (18... Bxd5 $11 19. Qxd5 axb5) ({Predecessor:} 18... axb5) 19. Qd4 ({And not} 19. bxa6 Rxa6 20. Nc7+ Kf8 $11) 19... Bxd5 20. Qxa7 Nh6 21. Bd3 O-O 22. Qd4 Bb7 23. Qa7 Bd5 24. Qd4 Bb7 25. O-O axb5 26. Bxh6 ({But not} 26. Bxb5 $6 Nc6 $14) 26... gxh6 27. Qg4+ Kh8 28. Qf5 Qb6+ 29. Rf2 Qg6 30. Qxg6 hxg6 31. Bxb5 Nc6 32. f4 g5 33. Rd2 Rd8 34. Bxc6 Bxc6 35. f5 Be4 (35... Ra8 $11) 36. g4 f6 37. e6 d5 38. Rc7 Bd6 39. Rd7 Bc5+ 40. Kf1 Rc8 41. R2xd5 Bxd5 42. Rxd5 Kg8 {[%emt 0:00:37] [#]} 43. b4 $16 (43. a4 $1 $18) 43... Be7 44. Ke2 Rc4 45. h3 Rc3 46. Rd3 Rc2+ 47. Kf3 Rc4 48. b5 Ra4 49. b6 Rxa3 50. Rxa3 Bxa3 51. Ke4 Kf8 52. Kd5 Ke7 53. Kc6 Bd6 54. Kb7 Bc5 55. Kc7 Bd6+ 56. Kc8 Bc5 57. b7 Bd6 58. b8=Q Bxb8 59. Kxb8 Kd8 60. Kb7 Ke8 61. Kc8 Ke7 62. Kc7 Ke8 63. Kd6 Kd8 64. e7+ Ke8 65. Ke6 h5 66. gxh5 g4 67. h6 gxh3 68. h7 1-0

[Event "FRA-ch Youth U14 2018"]
[Site "Agen"]
[Date "2018.04.21"]
[Round "8"]
[White "Lary, Damien"]
[Black "Bassini, Emile"]
[Result "0-1"]
[ECO "B90"]
[WhiteElo "2072"]
[BlackElo "2021"]
[Annotator "NA"]
[PlyCount "120"]
[EventDate "2018.??.??"]
[EventType "swiss"]
[EventCountry "FRA"]
[SourceTitle "playchess.com"]
[Source "ChessBase"]
[SourceQuality "1"]
[TimeControl "5400+30"]

1. e4 c5 2. Nf3 d6 3. d4 cxd4 4. Nxd4 Nf6 5. Nc3 a6 6. Be3 Ng4 7. Bg5 h6 8. Bc1 {[%emt 0:01:09] B90: Sicilian Najdorf: Unusual White 6th moves, 6 Be3 Ng4 and 6 Be3 e5} Nf6 9. Bd3 e5 10. Nde2 Nc6 $146 ({Find the theoretical novelty and annotate with similar games:} 10... Be7 11. O-O O-O 12. Ng3 Nbd7 13. a4 Nc5 14. Be2 Be6 15. Bf3 Rc8 {½-½ (66) Grischuk,A (2750)-Vachier Lagrave,M (2795) Moscow 2017}) 11. O-O Be7 12. Ng3 Bg4 13. f3 Be6 14. Be3 h5 15. Rf2 h4 16. Nf1 Rc8 17. Rd2 g6 18. Bf2 Nh5 19. Ne3 Bg5 20. Bf1 Nd4 21. Ne2 Nxe2+ 22. Bxe2 Rc6 23. b4 Bf4 24. b5 Rb6 25. Nd5 Bxd2 26. Bxb6 Qg5 27. f4 Bxf4 28. Bxh5 Bxd5 29. Bg4 Be3+ 30. Bxe3 Qxe3+ 31. Kh1 Bxe4 32. Qxd6 Bxg2+ 33. Kxg2 h3+ 34. Kf1 Qf4+ 35. Ke1 Qxg4 36. Qxe5+ Qe6 37. Qxe6+ fxe6 38. bxa6 bxa6 39. Kf2 Ke7 40. c4 Rh4 41. Kg3 Rxc4 42. Kxh3 Ra4 43. Kg3 e5 44. Re1 Ke6 45. Re2 a5 46. Kf2 Kf5 47. Rc2 $19 g5 48. Kg2 Ra3 49. Kf2 a4 50. Kg2 e4 51. Rf2+ Ke5 52. Re2 g4 53. Kf2 Kd4 54. Rd2+ Rd3 55. Rb2 a3 56. Rb4+ Ke5 57. Ke2 Rh3 58. Rb5+ Kf4 59. Rb8 Rxh2+ 60. Kf1 Rxa2 0-1

[Event "FRA-ch Youth U14 2018"]
[Site "Agen"]
[Date "2018.04.21"]
[Round "8"]
[White "Papadiamandis, Elliot"]
[Black "Popov, Konstantin"]
[Result "0-1"]
[ECO "B43"]
[WhiteElo "2016"]
[BlackElo "2150"]
[Annotator "NA"]
[PlyCount "112"]
[EventDate "2018.??.??"]
[EventType "swiss"]
[EventCountry "FRA"]
[SourceTitle "playchess.com"]
[Source "ChessBase"]
[SourceQuality "1"]
[TimeControl "5400+30"]

1. e4 c5 2. Nf3 e6 3. d4 cxd4 4. Nxd4 a6 5. Nc3 Qc7 6. Bd3 Nc6 7. Nxc6 dxc6 8. O-O e5 9. f4 Nf6 10. Kh1 Be7 {[%emt 0:01:16] B43: Sicilian: Kan Variation: 5 Nc3} (10... Bd6 11. f5 b5 12. a4 Bb7 13. Be3 h5 14. axb5 axb5 15. Rxa8+ Bxa8 16. Bxb5 Bb4 17. Nd5 Nxd5 18. Qxd5 {1-0 (33) Najer,E (2682)-Artemiev,V (2682) Sochi 2017}) 11. f5 b5 12. Qf3 Bb7 13. a4 h5 $146 ({Predecessor:} 13... h6 14. b3 Bc5 15. Ne2 Qe7 16. Qg3 Kf8 17. Bb2 Re8 18. Qf3 {1-0 (44) Papp,G (2190)-Lehoczki,V (2180) Hungary 1998}) 14. b3 h4 15. Nd1 Rd8 16. Nf2 Bc5 17. Ng4 Bd4 18. Ra2 Qb6 19. Nxf6+ gxf6 20. Bd2 Qc5 21. axb5 axb5 22. b4 Qd6 23. Rd1 Ke7 24. c3 Bb6 25. Be3 c5 26. Bc2 Qc6 27. Rda1 cxb4 28. cxb4 Ra8 29. Bxb6 Rxa2 30. Rxa2 Qxb6 31. Bd3 Rc8 32. Ra1 Qd4 33. Rd1 Qxb4 34. Qf2 Bxe4 35. Bxe4 Qxe4 36. Qb6 Qc6 37. Qa7+ Ke8 38. h3 Ra8 39. Qf2 Ra4 40. Qe3 Ra2 41. Rg1 Ke7 42. Qb3 Rc2 43. Qb4+ Qc5 $19 44. Qe4 Rc1 45. Qb7+ Kf8 46. Rxc1 Qxc1+ 47. Kh2 Qc4 48. Qb8+ Kg7 49. Qd6 b4 50. Qd1 b3 51. Qb1 Qc3 52. Qd1 b2 53. Qg4+ Kf8 54. Qe4 Qd4 55. Qa8+ Kg7 56. Qb7 Qf4+ 0-1

[Event "FRA-ch Youth U14 2018"]
[Site "Agen"]
[Date "2018.04.21"]
[Round "8"]
[White "Girel, Joseph"]
[Black "Bacrot, Alexandre"]
[Result "0-1"]
[ECO "D43"]
[WhiteElo "1969"]
[BlackElo "2180"]
[Annotator "NA"]
[PlyCount "174"]
[EventDate "2018.??.??"]
[EventType "swiss"]
[EventCountry "FRA"]
[SourceTitle "playchess.com"]
[Source "ChessBase"]
[SourceQuality "1"]
[TimeControl "5400+30"]

1. d4 d5 2. c4 c6 3. Nf3 Nf6 4. Nc3 e6 5. Bg5 h6 6. Bxf6 Qxf6 7. e3 Nd7 8. cxd5 exd5 9. Bd3 Bb4 {[%emt 0:05:20] LiveBook: 3 Games D43: Semi-Slav: 5 Bg5 h6} (9... Qd8 10. O-O Nf6 11. Rb1 a5 12. a3 Bd6 13. b4 O-O 14. h3 Qe7 15. Qb3 Ne4 16. b5 Ng5 17. Nxg5 Qxg5 {½-½ (64) Telljohann,S (2407)-Kunin,V (2527) Korbach 2013}) 10. Qc2 O-O 11. O-O Qe7 12. a3 Bd6 13. Rae1 $146 ({Find the theoretical novelty and annotate with similar games:} 13. e4 dxe4 14. Nxe4 Nf6 15. Rfe1 Nxe4 16. Bxe4 {½-½ (39) Gelas,C (2149)-Giroyan,G (2364) Nimes 2012}) 13... Nf6 14. Bf5 Bxf5 15. Qxf5 Rae8 16. Nd2 g6 17. Qf3 Ne4 18. Ncxe4 dxe4 19. Qh3 Kg7 20. f3 exf3 21. Qxf3 f5 22. Nc4 Bc7 23. Rf2 Qd7 24. Rd1 Re4 25. Nd2 Re6 26. Nf1 Qe7 27. g3 Bb6 28. Kg2 Re4 29. Rfd2 Rd8 30. Rd3 h5 31. d5 cxd5 32. Rxd5 Rxd5 33. Rxd5 Bxe3 34. Nxe3 Rxe3 35. Rd7 Qxd7 36. Qxe3 b6 37. Qe5+ Kh7 38. h4 Qg7 39. Qe2 Qb7+ 40. Kh2 Qc7 41. Qd2 Qe7 42. Kh3 g5 43. hxg5 Kg6 44. Qd5 Kxg5 45. Qg8+ Kh6 46. Qh8+ Kg6 47. Qg8+ Qg7 48. Qe8+ Qf7 49. Qc6+ Qf6 50. Qe8+ Kh6 51. Qe3+ Kh7 52. Qe8 Kh6 53. Qe3+ Kg7 54. Qe2 Qc6 55. Kh2 Kg6 56. Qd2 Qc7 57. Kh3 Qe5 $15 58. b4 Qe6 59. Kh2 Qe5 60. Kh3 Qe6 61. Kh2 a6 62. Qd3 b5 63. Qd8 Qe2+ 64. Kh3 Qf1+ 65. Kh2 Qf2+ 66. Kh3 Qf1+ 67. Kh2 Qe2+ 68. Kh3 Qe6 69. Kh2 f4 70. gxf4 Qe2+ 71. Kg1 Qg4+ 72. Kh1 Qh3+ 73. Kg1 Qg3+ 74. Kh1 Qxf4 75. Qd3+ Kg5 76. Kg2 Qg4+ 77. Kh2 Qh4+ 78. Kg2 Qg4+ 79. Kh2 Kf4 80. Qf1+ Ke3 81. Qc1+ Kd3 82. Qc6 Qh4+ 83. Kg2 Qe4+ 84. Kh2 Qh4+ 85. Kg1 Qe1+ 86. Kh2 Qf2+ 87. Kh3 Ke2 0-1